 Dungeon Crawl Stone Soup version 0.25-a0-549-g6e6e6501ad (webtiles) character file.

Game seed: 15819986138655358449, levelgen mode: deterministic

3350 Esekla the Thaumaturge (level 9, 0/45 HPs)
             Began as a Deep Elf Wizard on Feb 23, 2020.
             Was a Follower of Vehumet.
             Slain by an orc
             ... wielding a +0 mace
              (6 damage)
             ... on level 7 of the Dungeon.
             The game lasted 01:22:58 (8430 turns).

Esekla the Thaumaturge (Deep Elf Wizard)            Turns: 8430, Time: 01:22:58

Health: 0/45       AC:  6    Str:  6    XL:     9   Next: 72%
Magic:  31/35      EV: 14    Int: 24    God:    Vehumet [*.....]
Gold:   233        SH:  0    Dex: 14    Spells: 7/30 levels left

rFire    . . .     SeeInvis .   f - +0 falchion (vamp)
rCold    . . .     Gourm    .   (no shield)
rNeg     . . .     Faith    .   a - +0 robe
rPois    .         Spirit   .   y - +1 helmet
rElec    .         Reflect  .   p - +0 cloak
rCorr    .         Harm     .   A - +0 pair of gloves
MR       .....                  (no boots)
Stlth    +++.......             L - amulet of regeneration
HPRegen  0.55/turn              u - ring of magical power
MPRegen  0.24/turn              I - ring of wizardry

@: no status effects
A: no striking features
a: Renounce Religion


You were on level 7 of the Dungeon.
You worshipped Vehumet.
Vehumet was aware of your devotion.
You were not hungry.

You visited 2 branches of the dungeon, and saw 10 of its levels.

You collected 402 gold pieces.
You spent 169 gold pieces at shops.

Inventory:

Hand Weapons
 f - a +0 vampiric falchion (weapon)
 s - a +1 short sword of speed
 v - a +1 dagger of venom
Missiles
 e - 13 boomerangs
 r - 14 poisoned darts (quivered)
Armour
 a - a +0 robe (worn)
 p - a +0 cloak (worn)
 y - a +1 helmet (worn)
 A - a +0 pair of gloves (worn)
Jewellery
 u - a ring of magical power (left hand)
 z - an uncursed ring of positive energy
 I - a ring of wizardry (right hand)
 L - an amulet of regeneration (around neck)
Wands
 b - a wand of paralysis (4)
 m - a wand of random effects (12)
 n - a wand of disintegration (30)
 F - a wand of polymorph (18)
 G - a wand of digging (6)
 J - a wand of flame (23)
Scrolls
 g - 3 scrolls of enchant armour
 h - a scroll of fog {unknown}
 k - 3 scrolls of fear {unknown}
 o - a scroll of enchant weapon {unknown}
 t - 3 scrolls of teleportation {unknown}
 B - a scroll of noise {unknown}
 C - 6 scrolls of remove curse
 E - 2 scrolls of magic mapping {unknown}
 K - a scroll of blinking {unknown}
 M - a scroll of immolation {unknown}
Potions
 c - 5 potions of curing
 j - 3 potions of lignification
 q - 2 potions of might
 w - a potion of mutation {unknown}
 x - 2 potions of flight
 D - 2 potions of brilliance
 H - a potion of heal wounds {unknown}
Comestibles
 d - 11 rations


   Skills:
 + Level 3.4(4.1) Short Blades
 * Level 2.9(3.6) Long Blades
 + Level 2.6 Throwing
 + Level 3.6 Dodging
 + Level 3.9 Stealth
 * Level 11.0 Spellcasting
 + Level 4.8 Conjurations
 * Level 4.3 Charms
   Level 1.1 Summonings
 + Level 3.7 Translocations
 + Level 1.0 Fire Magic
 * Level 4.9 Air Magic
 + Level 3.6 Poison Magic


You had 7 spell levels left.
You knew the following spells:

 Your Spells              Type           Power        Failure   Level  Hunger
a - Magic Dart            Conj           ####         1%          1    None
b - Blink                 Tloc           N/A          1%          2    None
c - Mephitic Cloud        Conj/Pois/Air  ####....     1%          3    None
d - Static Discharge      Conj/Air       #####...     1%          3    None
e - Swiftness             Chrm/Air       #####...     1%          2    None
f - Conjure Flame         Conj/Fire      ####....     1%          3    None
l - Lightning Bolt        Conj/Air       #####.....   7%          5    ####...
r - Airstrike             Air            #####.....   2%          4    None

Your spell library contained the following spells:

 Spells                   Type           Power        Failure   Level  Hunger
 Freeze                   Ice            ##..         1%          1    None
 Beastly Appendage        Tmut           ##....       1%          1    None
 Shock                    Conj/Air       ####         1%          1    None
 Call Imp                 Summ           ###.....     1%          2    None
 Slow                     Hex            ##......     2%          2    None
 Sticks to Snakes         Tmut           ##......     2%          2    None
 Spider Form              Tmut/Pois      ###.......   2%          3    None
 Ice Form                 Ice/Tmut       ##......     19%         4    None
 Blade Hands              Tmut           ##........   45%         5    ####...


Dungeon Overview and Level Annotations

Branches:
Dungeon (9/15)             Temple (1/1) D:5
   Lair: D:8-11         Orc: D:9-12

Altars:
Ashenzari
Cheibriados
Dithmenos
Elyvilon
Fedhas
Gozag
Hepliaklqana
Kikubaaqudgha
Makhleb
Nemelex Xobeh
Okawaru
Qazlal
Ru
Sif Muna
Trog
Uskayaw
Vehumet
Wu Jian
Xom
Yredelemnul
Zin
The Shining One

Shops:
D:6 *   D:7 (

Annotations:
D:3 1 runed translucent door
D:8 Erica


Message History

Casting: Magic Dart (safe; 1% risk of failure)
Confirm with . or Enter, or press ? or * to list all spells.
Aiming: Magic Dart (safe; 1% risk of failure)
Press: ? - help, Shift-Dir - straight line, f/p - white imp
Aim: a white imp (almost dead)
The magic dart hits the white imp.
You kill the white imp!
Vehumet accepts your kill.
You hit the orc.
You feel better.
The orc is lightly wounded.
The orc hits you with a +0 mace.
* * * LOW HITPOINT WARNING * * *
You hit the orc.
You feel better.
The orc is heavily wounded.
The orc hits you with a +0 mace!
* * * LOW HITPOINT WARNING * * *
You barely miss the orc.
The orc is heavily wounded.
The orc hits you with a +0 mace.
You die...

..# ##...# #.# ###.## #.#
#..### #.## ##...#########
#..## #.∩.........####
##..## ##.............#
.....#######..........##.##
####).......(....o.[......#
#<....###....@.........##
#.....# #?..............#
####### ######..........#
#._..⌠.._..# #.........##
##.......## #.......#
###...### #####


You could see an orc.

Vanquished Creatures
  Maurice (D:7)
  Psyche (D:8)
  A polar bear (D:8)
  Sigmund (D:5)
  A wyvern (D:7)
  A yak (D:8)
  A hungry ghost (D:7)
  Edmund (D:6)
  An ice beast (D:8)
  3 orc warriors
  An ogre (D:5)
  2 wolves (D:8)
  2 centaurs (D:7)
  3 bullfrogs
  A scorpion (D:6)
  6 killer bees (D:7)
  A bullfrog skeleton (D:5)
  3 hounds
  3 orc wizards
  2 jellies
  2 iguanas
  2 worker ants
  A howler monkey zombie (D:7)
  8 gnolls
  4 adders
  2 shadow imps
  3 white imps
  2 worms
  4 dart slugs
  5 leopard geckos
  18 orcs
  8 bats
  4 giant cockroaches
  3 goblins
  7 hobgoblins
  3 jackals (D:1)
  2 quokkas
  A ball python skeleton (D:4)
  4 frilled lizards
  6 kobolds
  10 rats
  A bush (D:3)
  A plant (D:3)
137 creatures vanquished.

Vanquished Creatures (collateral kills)
  An orc wizard (D:3)
1 creature vanquished.

Vanquished Creatures (others)
  A human (D:5)
1 creature vanquished.

Grand Total: 139 creatures vanquished

Notes
Turn   | Place    | Note
-------+----------+-------------------------------------------
     0 | D:1      | Esekla the Deep Elf Wizard began the quest for the Orb.
     0 | D:1      | Reached XP level 1. HP: 10/10 MP: 7/7
   166 | D:1      | Reached skill level 5 in Spellcasting
   327 | D:1      | Reached XP level 2. HP: 15/15 MP: 8/10
   545 | D:1      | Learned a level 2 spell: Blink
   847 | D:1      | Reached XP level 3. HP: 19/19 MP: 9/12
   852 | D:1      | Learned a level 3 spell: Mephitic Cloud
   856 | D:1      | Learned a level 3 spell: Conjure Flame
  1370 | D:2      | Found a shadowy altar of Dithmenos.
  1817 | D:3      | Found a hazy altar of Hepliaklqana.
  1833 | D:3      | Reached skill level 6 in Spellcasting
  1833 | D:3      | Reached XP level 4. HP: 19/24 MP: 2/14
  2240 | D:3      | Noticed an orc warrior
  2707 | D:2      | Killed an orc warrior
  2707 | D:2      | Reached skill level 1 in Air Magic
  2707 | D:2      | Reached skill level 1 in Poison Magic
  2707 | D:2      | Reached XP level 5. HP: 20/28 MP: 10/16
  2815 | D:3      | Reached skill level 7 in Spellcasting
  3157 | D:3      | Reached XP level 6. HP: 32/32 MP: 12/18
  3255 | D:3      | Reached skill level 1 in Short Blades
  3372 | D:3      | Found a glowing silver altar of Zin.
  3373 | D:3      | Found a runed translucent door.
  3373 | D:3      | Noticed an angel
  4241 | D:4      | Found a hazy altar of Hepliaklqana.
  4599 | D:5      | Entered Level 5 of the Dungeon
  4673 | D:5      | Noticed Sigmund
  4745 | D:5      | Reached skill level 1 in Throwing
  4757 | D:5      | Reached skill level 8 in Spellcasting
  4811 | D:5      | Found an ancient bone altar of Kikubaaqudgha.
  4814 | D:5      | Noticed a human
  4815 | D:5      | Killed a human
  4875 | D:5      | Found a staircase to the Ecumenical Temple.
  4886 | D:5      | Reached XP level 7. HP: 28/36 MP: 20/20
  4889 | Temple   | Entered the Ecumenical Temple
  5026 | Temple   | Became a worshipper of Vehumet
  5275 | D:6      | Noticed Edmund
  5288 | D:6      | Killed Edmund
  5388 | D:6      | Found a glowing golden altar of the Shining One.
  5707 | D:6      | Found Beeqin's Assorted Antiques.
  5722 | D:6      | Bought a dark potion for 22 gold pieces
  5722 | D:6      | Bought a yellow potion for 22 gold pieces
  5722 | D:6      | Bought a knobbly silver ring for 125 gold pieces
  5906 | D:5      | Reached XP level 8. HP: 41/41 MP: 22/22
  5989 | D:5      | Killed Sigmund
  6047 | D:7      | Reached skill level 9 in Spellcasting
  6224 | D:6      | Learned a level 3 spell: Static Discharge
  6227 | D:6      | Learned a level 2 spell: Swiftness
  6232 | D:6      | Learned a level 4 spell: Airstrike
  6238 | D:6      | Learned a level 5 spell: Lightning Bolt
  6309 | D:7      | Reached skill level 1 in Long Blades
  6322 | D:7      | Reached * piety under Vehumet
  6322 | D:7      | Offered knowledge of Freeze by Vehumet.
  6322 | D:7      | Reached skill level 1 in Charms
  6695 | D:7      | Found Mur Racu's Antique Weapon Shop.
  6702 | D:7      | Found a burning altar of Makhleb.
  6706 | D:7      | Found a stormy altar of Qazlal.
  6865 | D:8      | Found a blossoming altar of Fedhas.
  6911 | D:8      | Found a shadowy altar of Dithmenos.
  6990 | D:8      | Reached skill level 10 in Spellcasting
  6990 | D:8      | Reached XP level 9. HP: 9/45 MP: 15/25
  7036 | D:8      | Noticed a polar bear
  7091 | D:8      | Killed a polar bear
  7317 | D:8      | Noticed Maurice
  7329 | D:8      | Noticed Psyche
  8108 | D:7      | Killed Maurice
  8166 | D:7      | Reached skill level 1 in Fire Magic
  8235 | D:8      | Killed Psyche
  8253 | D:8      | Noticed Erica
  8362 | D:7      | Reached skill level 11 in Spellcasting
  8430 | D:7      | Slain by an orc

Levels and vault maps discovered:
D:1:      evilmike_arrival_run_for_it, layout_rooms
D:2:      layout_basic, first_ration, roderic_lattice_a, grunt_dithmenos_smoke
D:3:      layout_basic, lemuel_crystal_altar, serial_forest,
          infiniplex_forest_clump_medium, infiniplex_forest_clump_medium,
          infiniplex_forest_clump_double, infiniplex_forest_end_2,
          lemuel_angel_altar
D:4:      layout_loops_ring, minmay_misc_feat_cross, kennysheep_path_1,
          kennysheep_small_circle
D:5:      layout_basic, minmay_temple_entry_waves, tgw_kikubaaqudgha,
          uniq_sigmund
D:6:      layout_rooms, nicolae_overflow_hidden_temple, serial_shops,
          nicolae_shop_overgrown_old_shop, uniq_edmund
D:7:      layout_rooms, grunt_temple_overflow_open, serial_shops, shop,
          minmay_misc_feat_encased
D:8:      layout_basic, fedhas_altar_4, marbit_many_paths, serial_ice,
          serial_ice_n, serial_ice_j, serial_ice_o, serial_ice_a, serial_ice_f,
          serial_ice_b, uniq_erica, uniq_harold, uniq_psyche, uniq_maurice
D:9:      gammafunk_jiyva_shrine, layout_stronghold, uniq_pikel
Temple:   regret_index_temple_sphere_string

Skill      XL: |  1  2  3  4  5  6  7  8  9 |
---------------+----------------------------+-----
Spellcasting   | 5 6 7 8 10 11 | 11.0
Translocations | 2 3 |  3.7
Conjurations   | 2 3 4 |  4.8
Air Magic      | 1 2 3 4 |  4.9
Poison Magic   | 1 2 3 |  3.6
Short Blades   | 1 2 3 |  3.4
Throwing       | 1 2 |  2.6
Stealth        | 3 |  3.9
Dodging        | 3 |  3.6
Long Blades    | 1 2 |  2.9
Charms         | 2 4 |  4.3
Fire Magic     | 1 |  1.0
Summonings     | |  1.1

Action                   |  1- 3 |  4- 6 |  7- 9 || total
-------------------------+-------+-------+-------++-------
Melee: Unarmed           |     3 |       |       ||     3
       Dagger            |    14 |    28 |    81 ||   123
       Short sword       |       |   389 |    18 ||   407
       Falchion          |       |       |    38 ||    38
Throw: Boomerang         |     1 |     3 |       ||     4
       Dart              |       |    30 |    49 ||    79
 Cast: Magic Dart        |   107 |    71 |   108 ||   286
       Mephitic Cloud    |     2 |    16 |    27 ||    45
       Blink             |     1 |     5 |    15 ||    21
       Conjure Flame     |       |     4 |    15 ||    19
       Lightning Bolt    |       |       |     5 ||     5
       Airstrike         |       |       |     1 ||     1
  Use: Potion            |       |     1 |     3 ||     4
       Scroll            |       |       |     8 ||     8
 Stab: Sleeping          |     5 |     2 |     1 ||     8
       Confused          |     1 |     7 |     5 ||    13
       Distracted        |       |       |     1 ||     1
  Eat: Chunk             |     2 |     4 |     5 ||    11
       Ration            |       |     2 |     2 ||     4
Armor: Robe              |    11 |     6 |    35 ||    52
Dodge: Dodged            |    34 |    28 |   110 ||   172
       Rpst.: Falchion   |       |       |     6 ||     6

Table legend:
 A = Non-vault XP
 B = Vault XP
 C = Vault XP percentage of total XP
 D = Non-vault monster count
 E = Vault monster count
 F = Vault count percentage of total count
                 A         B        C        D         E       F
            +---------+---------+-------+---------+---------+-------
      Total |    2746 |    2041 |  42.6 |     120 |      16 |  11.8
            +---------+---------+-------+---------+---------+-------
        D:1 |      51 |       5 |   8.9 |      27 |       1 |   3.6
        D:2 |     198 |       0 |   0.0 |      16 |       0 |   0.0
        D:3 |     239 |       0 |   0.0 |      28 |       0 |   0.0
        D:4 |      38 |      19 |  33.3 |       2 |       3 |  60.0
        D:5 |     258 |     238 |  48.0 |       9 |       1 |  10.0
        D:6 |     463 |     158 |  25.4 |      14 |       1 |   6.7
        D:7 |    1251 |     459 |  26.8 |      19 |       2 |   9.5
        D:8 |     248 |    1162 |  82.4 |       5 |       8 |  61.5
            +---------+---------+-------+---------+---------+-------
